 Dungeon Crawl Stone Soup version 0.25-a0-505-gae4569222e (webtiles) character file.

Game seed: 4326766266181964719, levelgen mode: deterministic

91 kae the Insei (level 4, 8/34 HPs)
             Began as a Demonspawn Gladiator on Feb 14, 2020.
             Quit the game on level 4 of the Dungeon.
             The game lasted 00:02:29 (1142 turns).

kae the Insei (Demonspawn Gladiator)                Turns: 1142, Time: 00:02:30

Health: 8/34       AC:  4    Str: 14    XL:     4   Next: 33%
Magic:  4/4        EV: 13    Int:  9    God:
Gold:   29         SH:  0    Dex: 16    Spells: 3/3 levels left

rFire    . . .     SeeInvis .     - Unarmed
rCold    . . .     Gourm    .   (no shield)
rNeg     . . .     Faith    .   a - +0 leather armour
rPois    .         Spirit   +   b - +0 helmet
rElec    .         Reflect  .   (no cloak)
rCorr    .         Harm     .   (no gloves)
MR       .....                  (no boots)
Stlth    +.........             (no amulet)
HPRegen  0.11/turn              (no ring)
MPRegen  0.09/turn              (no ring)

@: no status effects
A: hooves 1, demonic guardian 1, magic shield
a: no special abilities


You were on level 4 of the Dungeon.
You were not hungry.

You visited 1 branch of the dungeon, and saw 3 of its levels.

You collected 29 gold pieces.

Inventory:

Missiles
 c - 3 throwing nets (quivered)
Armour
 a - a +0 leather armour (worn)
 b - a +0 helmet (worn)
Scrolls
 h - a scroll of blinking {unknown}
 i - a scroll of enchant weapon {unknown}
 j - a scroll of amnesia {unknown}
Potions
 f - 3 potions of curing {unknown}
 k - a potion of might {unknown}
 l - 3 potions of invisibility {unknown}
Comestibles
 d - 2 rations
 g - 9 chunks of flesh


   Skills:
 + Level 2.8 Fighting
 - Level 1.7 Throwing
 + Level 3.3 Dodging
 * Level 3.8 Unarmed Combat


You had 3 spell levels left.
You didn't know any spells.
Your spell library was empty.

Dungeon Overview and Level Annotations

Branches:
Dungeon (2/15)

Altars:


Innate Abilities, Weirdness & Mutations

You have large cloven feet.
A weak demonic guardian rushes to your aid.
When hurt, damage is shared between your health and your magic reserves.


Message History

a +0 dagger; an orc corpse; a hound corpse You start resting.
You feel a strong urge to attack something.
You start resting.
You feel your anger nearly subside.
You are no longer berserk.
You are exhausted.
You feel yourself slow down.
Butcher an orc corpse? [(y)es/(n)o/(a)ll/(q)uit/?]
You butcher the orc corpse.
You butcher the hound corpse.
g - 6 chunks of flesh (gained 4);
g - 9 chunks of flesh (gained 3)
Things that are here:
a +0 dagger; an orc skeleton; a hound skeleton You start resting.
Magic restored.
You start resting.
You feel yourself speed up.
You start resting.
You recover from your berserk rage.
Are you sure you want to abandon this character and quit the game? (Confirm with "yes".)

#### #########
#...##
#.......###.....##
#.......##....%..#
#......@##.......#
#.......##)......#
#.........#.....##
#..........[.....#
#.......#.........
##########........
#......# #......
###.#.


There were no monsters in sight!

Vanquished Creatures
  A hound (D:4)
  An adder (D:2)
  An ooze (D:1)
  A worm (D:2)
  2 dart slugs
  2 leopard geckos
  An orc (D:4)
  A ball python (D:1)
  7 bats (D:1)
  4 hobgoblins
  4 jackals (D:1)
  3 kobolds (D:1)
  3 frilled lizards
  5 goblins
  2 rats (D:1)
38 creatures vanquished.

Notes
Turn   | Place    | Note
-------+----------+-------------------------------------------
     0 | D:1      | kae the Demonspawn Gladiator began the quest for the Orb.
     0 | D:1      | Reached XP level 1. HP: 16/16 MP: 1/1
    77 | D:1      | Gained mutation: When hurt, damage is shared between your
                  | health and your magic reserves. [demonic ancestry]
    77 | D:1      | Reached XP level 2. HP: 10/22 MP: 2/2
   789 | D:1      | Gained mutation: You have large cloven feet. [demonic
                  | ancestry]
   789 | D:1      | Reached XP level 3. HP: 19/28 MP: 3/3
  1076 | D:2      | You fall into a shaft and drop 2 floors!
  1099 | D:4      | Gained mutation: A weak demonic guardian rushes to your
                  | aid. [demonic ancestry]
  1099 | D:4      | Reached XP level 4. HP: 4/34 MP: 0/4
  1142 | D:4      | Quit the game

Levels and vault maps discovered:
D:1:      scummos_arrival_forest, layout_rooms
D:2:      layout_rooms, chequers_temple_overflow_statue_of_worship,
          minmay_pentomino_x2, uniq_crazy_yiuf_cottage
D:4:      layout_rooms, first_ration, corexii_shack, grunt_decor_mini_mirrors

Skill      XL: |  1  2 |
---------------+-------+-----
Unarmed Combat | 3 |  3.8
Dodging        | 3 |  3.3
Fighting       | |  2.8
Throwing       | |  1.7

Action                   |  1- 3 |  4- 6 || total
-------------------------+-------+-------++-------
Melee: Unarmed           |   149 |     1 ||   150
       Kick              |    16 |       ||    16
  Use: Potion            |     1 |       ||     1
  Eat: Chunk             |     1 |       ||     1
Armor: Leather armour    |    69 |       ||    69
Dodge: Dodged            |   116 |       ||   116

Table legend:
 A = Non-vault XP
 B = Vault XP
 C = Vault XP percentage of total XP
 D = Non-vault monster count
 E = Vault monster count
 F = Vault count percentage of total count
                 A         B        C        D         E       F
            +---------+---------+-------+---------+---------+-------
      Total |     128 |       2 |   1.5 |      37 |       1 |   2.6
            +---------+---------+-------+---------+---------+-------
        D:1 |      53 |       0 |   0.0 |      28 |       0 |   0.0
        D:2 |      27 |       2 |   6.9 |       6 |       1 |  14.3
        D:4 |      48 |       0 |   0.0 |       3 |       0 |   0.0
            +---------+---------+-------+---------+---------+-------
